[Event "*** Titled Tuesday Blitz"]
[Site "Chess.com"]
[Date "2021.02.02"]
[Round "9"]
[White "imdvb6307"]
[Black "Lion-Al-Messi"]
[Result "0-1"]
[WhiteElo "2375"]
[BlackElo "2552"]
[TimeControl "180+1"]
[EndTime "11:46:41 PST"]
[Termination "Lion-Al-Messi won by checkmate"]

1. e4 e6 2. d4 d5 3. exd5 exd5 4. Bd3 Nc6 5. c3 Bd6 6. Qf3 Nf6 7. h3 Be6 8. Ne2 Qd7 9. Bf4 O-O-O 10. Nd2 h6 11. O-O-O Be7 12. g4 Na5 13. Ng3 Nc4 14. Nf5 g5 15. Nxe7+ Qxe7 16. Bg3 Rhe8 17. Rhe1 Nxd2 18.
Kxd2 Nd7 19. Bh2 Nb6 20. Qg3 Qd7 21. Kc1 Nc4 22. Bxc4 dxc4 23. f4 gxf4 24. Qxf4 Qd6 25. Qxd6 cxd6 26. d5 Bd7 27. Bxd6 Rxe1 28. Rxe1 Bxg4 29.
hxg4 Rxd6 30. Re4 b5 31. a4 a6 32. axb5 axb5 33. Re5 Kd7 34. Kd2 Rg6 35. Rf5 Kd6 36.
Rxf7 Rxg4 37. Ke3 Kxd5 38. Rf5+ Kc6 39. Rf6+ Kc5 40. Rxh6 Rg3+ 41. Kf2 Rd3 42. Ke2 Rg3 43. Kf2 Rd3 44. Ke2 b4 45. Rh5+ Kc6 46. cxb4 Kb6 47. Rc5 Rd4 48. Ke3 Rh4 49. Kd2 Kb7 50. Kc3 Rg4 51.
Rxc4 Rg3+ 52. Kc2 Kb6 53. Rc3 Rg2+ 54. Kb3 Rg4 55. Ka4 Rg8 56. Rf3 Ra8+ 57. Kb3 Rg8 58. Rf6+ Kb5 59. Rf5+ Kb6 60. Ka4 Ra8+ 61. Ra5 Rh8 62.
Rc5 Ra8+ 63. Kb3 Rh8 64. Rc3 Ra8 65. Rf3 Rh8 66. Rf4 Ra8 67. Kc4 Rc8+ 68. Kb3 Rh8 69. Rd4 Rg8 70. Kc3 Rc8+ 71. Kd3 Rh8 72. Kc4 Rc8+ 73.
Kb3 Rh8 74. Rd5 Rc8 75. b5 Rg8 76. Ka4 Rg4+ 77. b4 Rg6 78. Rc5 Rg1 79. Rc6+ Kb7 80. Rf6 Rg2 81. Ka5 Ra2# 0-1

[Event "*** Titled Tuesday Blitz"]
[Site "Chess.com"]
[Date "2021.02.02"]
[Round "9"]
[White "ErikRonka"]
[Black "Snowflake"]
[Result "1-0"]
[WhiteElo "2474"]
[BlackElo "2335"]
[TimeControl "180+1"]
[EndTime "11:46:41 PST"]
[Termination "ErikRonka won by checkmate"]

1. e4 c5 2. Nf3 Nc6 3. Nc3 d6 4. d4 cxd4 5. Nxd4 e5 6. Nb3 Nf6 7. f3 Be6 8. Nd5 Be7 9. c4 O-O 10.
Be3 Ne8 11. Bd3 g6 12. O-O Kh8 13. f4 f5 14. exf5 gxf5 15. Qd2 Ng7 16. Rad1 Rc8 17. Bb1 Bxd5 18. cxd5 exf4 19. Bxf4 Ne5 20. Nd4 Qb6 21. Kh1 Rf6 22. Bg5 Rf7 23. Bxe7 Rxe7 24. Nxf5 Nxf5 25. Bxf5 Rg8 26. Be6 Rd8 27. Qh6 Rg7 28.
Qh3 Qxb2 29. Rf5 Qc2 30. Rdf1 Ng4 31. Rf8+ Rg8 32. Qxg4 Qg6 33. Qxg6 Rdxf8 34. Qxg8+ Rxg8 35. Bxg8 Kxg8 36. Kg1 Kg7 37. Kf2 Kg6 38. Rd1 Kg5 39. Rc1 h5 40. Rb1 h4 41. Rxb7 h3 42. Rxa7 hxg2 43.
Kxg2 Kf4 44. h4 Ke3 45. h5 Kd3 46. h6 Kd2 47. h7 Kc2 48. h8=Q Kb1 49. Rd7 Kc2 50.
Qc8+ Kb1 51. Rxd6 Ka1 52. Rc6 Kb1 53. Rc1+ Kb2 54. Qc3+ Kxa2 55. Ra1# 1-0

[Event "*** Titled Tuesday Blitz"]
[Site "Chess.com"]
[Date "2021.02.02"]
[Round "9"]
[White "Nikolakis2014"]
[Black "ErikBlomqvist"]
[Result "1-0"]
[WhiteElo "2643"]
[BlackElo "2499"]
[TimeControl "180+1"]
[EndTime "11:46:42 PST"]
[Termination "Nikolakis2014 won by checkmate"]

1. Nf3 c5 2. c4 Nc6 3. Nc3 g6 4. e3 Bg7 5. d4 d6 6. d5 Na5 7.
Bd3 Nf6 8. O-O O-O 9. h3 e5 10. e4 Nh5 11. Re1 b6 12. Bd2 Bd7 13. a3 Nb7 14.
Kh2 Qe7 15. g3 Rae8 16. Nh4 Qd8 17. Nf5 Nf6 18. Nxg7 Kxg7 19. Qf3 h6 20. Qg2 Nh5 21. Be2 Nf6 22. Rf1 Nh7 23. f4 f5 24. Rae1 Nf6 25.
exf5 gxf5 26. g4 fxg4 27. hxg4 exf4 28. Bxf4 Nh7 29. Qg3 Ng5 30. Bd3 Rxe1 31. Rxe1 Qf6 32. Rf1 Qd4 33. Bxg5 hxg5 34. Rxf8 Kxf8 35. Ne4 Qxb2+ 36.
Kh3 Qh8+ 37. Kg2 Qb2+ 38. Kh3 Ke7 39. Nxg5 Qxa3 40. Ne4 Qc1 41. Qh4+ Kf8 42. Qh8+ Kf7 43.
Qf6+ Kg8 44. Qg6+ Kf8 45. Qf6+ Kg8 46. Ng3 Qe3 47. Qg6+ Kf8 48. Qf6+ Ke8 49. Bg6# 1-0

[Event "*** Titled Tuesday Blitz"]
[Site "Chess.com"]
[Date "2021.02.02"]
[Round "9"]
[White "Shepherdboy"]
[Black "Jungle_Jaguar"]
[Result "1-0"]
[WhiteElo "2452"]
[BlackElo "2600"]
[TimeControl "180+1"]
[EndTime "11:46:42 PST"]
[Termination "Shepherdboy won by checkmate"]

1. d4 Nf6 2. c4 g6 3. Nc3 Bg7 4. e4 d6 5. Be2 O-O 6. Bg5 Na6 7. Qd2 c5 8. d5 Nc7 9. Nf3 a6 10. a4 e6 11. O-O exd5 12. exd5 Bg4 13. h3 Bxf3 14. Bxf3 Qd7 15. a5 Qf5 16. Qf4 Qxf4 17.
Bxf4 Rad8 18. Rfe1 Rfe8 19. g4 h6 20. Kg2 g5 21. Bg3 Kf8 22. Rad1 Ng8 23. Ne4 Be5 24. Bxe5 Rxe5 25. Ng3 Rde8 26. Rxe5 Rxe5 27. Ne4 Ne8 28. Rd3 Ne7 29. Rb3 f5 30. gxf5 Nxf5 31. Rxb7 Nh4+ 32. Kg3 Ng7 33. Rb8+ Ke7 34. Rb7+ Kf8 35. Nxd6 Re1 36. Bg4 h5 37. Rf7+ Kg8 38. Bd7 Ng6 39. Rf6 Ne5 40.
Be6+ Kh7 41. Bf7 h4+ 42. Kg2 Rb1 43. Ne4 Kh8 44. Rh6# 1-0

[Event "*** Titled Tuesday Blitz"]
[Site "Chess.com"]
[Date "2021.02.02"]
[Round "9"]
[White "ybruned"]
[Black "Tiradini007"]
[Result "0-1"]
[WhiteElo "2288"]
[BlackElo "2216"]
[TimeControl "180+1"]
[EndTime "11:46:42 PST"]
[Termination "Tiradini007 won on time"]

1. b3 e5 2. Bb2 Nc6 3. e3 d6 4. d4 e4 5. c4 f5 6. h4 Nf6 7. Be2 Be6 8. Nh3 Bf7 9. Nf4 Be7 10. Nc3 O-O 11. Qd2 a5 12. g3 d5 13. Ncxd5 Nxd5 14. Nxd5 Bxd5 15. cxd5 Nb4 16. O-O Nxd5 17. Rfc1 c6 18. Bc3 Rf6 19. Kg2 Rg6 20. h5 Rg5 21. Rh1 a4 22. Bc4 Kh8 23. h6 g6 24.
Bxd5 Qxd5 25. Bb4 Bd6 26. Bxd6 Qxd6 27. bxa4 Rxa4 28. d5 f4 29. Qb2+ Qe5 30. Qxe5+ Rxe5 31. gxf4 Rxd5 32. Rab1 b5 33. Rb2 Kg8 34. Rc1 Rd6 35. Rbc2 Ra6 36. Kg3 Kf7 37. f5 gxf5 38. Kf4 Kf6 39.
Rc5 Rd5 40. Rxc6+ Rxc6 41. Rxc6+ Kf7 42. Rb6 Rc5 43. f3 exf3 44. Kxf3 Rc2 45. Rxb5 Rxa2 46.
Rxf5+ Kg6 47. Rf4 Kxh6 0-1

[Event "*** Titled Tuesday Blitz"]
[Site "Chess.com"]
[Date "2021.02.02"]
[Round "9"]
[White "reniite"]
[Black "Grineva_Marianna"]
[Result "0-1"]
[WhiteElo "1990"]
[BlackElo "2228"]
[TimeControl "180+1"]
[EndTime "11:46:42 PST"]
[Termination "Grineva_Marianna won by resignation"]

1. e4 c5 2. Nf3 Nc6 3. d4 cxd4 4.
Nxd4 Nf6 5. Nc3 g6 6. g3 Bg7 7.
Nde2 O-O 8. Bg2 d6 9. O-O Bd7 10. h3 Rc8 11. Kh2 Ne5 12. a4 a6 13. Ra2 b5 14. axb5 axb5 15. Nd4 b4 16. Nd5 Nxd5 17. exd5 Rc4 18. Be3 Qc8 19. Qd2 Bf5 20. b3 Rc3 21.
f4 Nd7 22. Nc6 Re8 23. g4 Bxg4 24. hxg4 Nf6 25. Bd4 Nxg4+ 26. Kh1 Bxd4 27. Qxd4 Nf6 28. Rfa1 Qg4 29. Nxe7+ Rxe7 30. Qxf6 Rh3+ 31. Kg1 Re8 32. Ra8 Re3 33. Rxe8+ Rxe8 34. Rf1 Qe2 35. Rf2 Qe1+ 36.
Rf1 Qe3+ 37. Kh2 Qe2 38. Qh4 Qxc2 39. Qf2 Qxb3 40. Qd4 Qc3 41. Qxc3 bxc3 42. Rc1 Rc8 43. Rxc3 Rxc3 44. Bf1 Rc2+ 45. Kg3 Rd2 46. Bg2 Rd4 47. Bf3 Rd3 48. Kg4 Kg7 49. Kg3 h5 50. Kf2 Kf6 51. Be4 Ra3 52. Bg2 h4 53. Bf1 Ra4 54. Kg2 Rxf4 0-1

[Event "*** Titled Tuesday Blitz"]
[Site "Chess.com"]
[Date "2021.02.02"]
[Round "9"]
[White "LyonBeast"]
[Black "ChessWarrior7197"]
[Result "1-0"]
[WhiteElo "3113"]
[BlackElo "2932"]
[TimeControl "180+1"]
[EndTime "11:46:43 PST"]
[Termination "LyonBeast won by resignation"]

1. d4 d5 2. Bf4 c5 3. e3 Nc6 4. c3 Nf6 5. Nd2 Qb6 6. Qb3 c4 7. Qc2 g6 8. e4 Nxe4 9. Nxe4 dxe4 10. Bxc4 Bg7 11. Ne2 O-O 12. O-O e5 13. dxe5 Nxe5 14.
Bxe5 Bxe5 15. Qxe4 Re8 16. Qf3 Bf5 17. Bb3 a5 18.
Ng3 Bxg3 19. hxg3 h5 20. Rae1 Rxe1 21. Rxe1 a4 22. Bd5 Qxb2 23. Re7 Rf8 24. Rxb7 Qd2 25. Kh2 a3 26. c4 Qd4 27. Qf4 Qxf4 28. gxf4 Be6 29.
Bxe6 fxe6 30. c5 Rc8 31. Rb5 Kf7 32. Kg3 Ke7 33. Ra5 Kd7 34. Kh4 Kc6 35. Rxa3 Rf8 36. g3 Rf5 37. Re3 Kd7 38. Re5 Rf8 39. Kg5 Ke7 40.
Kxg6 h4 41. gxh4 Rxf4 42. h5 Rf3 43. h6 Rf6+ 44. Kg5 Rxf2 45. Re4 Rxa2 46. h7 Ra8 47. Kg6 Rh8 48. Kg7 1-0

[Event "*** Titled Tuesday Blitz"]
[Site "Chess.com"]
[Date "2021.02.02"]
[Round "9"]
[White "remi04"]
[Black "Sippp"]
[Result "0-1"]
[WhiteElo "2617"]
[BlackElo "2781"]
[TimeControl "180+1"]
[EndTime "11:46:43 PST"]
[Termination "Sippp won by resignation"]

1. e4 c5 2. Nf3 g6 3. d4 cxd4 4.
Nxd4 Nc6 5. c4 Nf6 6. Nc3 d6 7. Be3 Ng4 8. Nxc6 bxc6 9. Bg5 Qb6 10. Qd2 Bg7 11. h3 Nf6 12. Be3 Qa5 13. Be2 O-O 14.
O-O Rb8 15. Rab1 Nd7 16. Kh1 Ba6 17. Nd5 Qd8 18. Nb4 Bb7 19. Bxa7 Ra8 20. Be3 c5 21. Nd5 Rxa2 22. Qc2 Bxd5 23. cxd5 Qb6 24. Bc1 Rb8 25. Bc4 Ra7 26. f4 Qa5 27. Bd2 Qa4 28. b3 Qa2 29. Qd3 Nb6 30. Bb5 Nc8 31. Bc6 Ra3 32. e5 Raxb3 33. Rxb3 Rxb3 34. Qc4 Rb2 35. Qxa2 Rxa2 36. Be3 Ra3 37. Re1 Nb6 38. exd6 exd6 39. Bf2 Bf6 40. Rb1 Nc4 41. Rb8+ Kg7 42. g4 h6 43. Kg2 Ra2 44. Kf3 Nd2+ 45. Ke3 Bd4+ 46. Kd3 0-1

[Event "*** Titled Tuesday Blitz"]
[Site "Chess.com"]
[Date "2021.02.02"]
[Round "9"]
[White "wnstop"]
[Black "Natalya_Buksa"]
[Result "1/2-1/2"]
[WhiteElo "2732"]
[BlackElo "2564"]
[TimeControl "180+1"]
[EndTime "11:46:43 PST"]
[Termination "Game drawn by repetition"]

1. e4 c5 2. Nf3 Nc6 3. Nc3 e5 4. Bc4 Be7 5. d3 d6 6. O-O Nf6 7. h3 O-O 8. a3 h6 9. Rb1 b6 10.
b4 Bb7 11. Nd5 Rc8 12. c3 cxb4 13. axb4 Nb8 14. Nxf6+ Bxf6 15. Qb3 a6 16. Be3 Nd7 17. Rfc1 Qc7 18. Ra1 a5 19. bxa5 bxa5 20. Bd5 Bxd5 21. Qxd5 Ra8 22. Rcb1 Rfb8 23. Rxb8+ Qxb8 24. Nd2 a4 25. Rb1 Qc8 26. Nc4 Be7 27. Ra1 a3 28. Rxa3 Rxa3 29.
Nxa3 Qxc3 30. Nc4 Qb4 31. Qa8+ Nf8 32. Kh2 Qb3 33. Qd5 Qb8 34. d4 exd4 35. Bxd4 Ne6 36. Be3 Nc7 37. Qc6 d5 38. exd5 Nxd5+ 39. g3 Nxe3 40. Nxe3 Qb2 41. Qf3 Bc5 42. Qa8+ Bf8 43. Qf3 Bc5 44. Qa8+ Bf8 45. Qf3 Bc5 1/2-1/2

[Event "*** Titled Tuesday Blitz"]
[Site "Chess.com"]
[Date "2021.02.02"]
[Round "9"]
[White "Darius321"]
[Black "nikitadovbnya2008"]
[Result "1-0"]
[WhiteElo "2272"]
[BlackElo "2125"]
[TimeControl "180+1"]
[EndTime "11:46:45 PST"]
[Termination "Darius321 won by checkmate"]

1. e4 c5 2. Nf3 d6 3. Bb5+ Nd7 4.
Ba4 Nf6 5. Qe2 e6 6. O-O Be7 7. c3 a6 8. d4 b5 9. Bc2 Bb7 10. Bg5 h6 11. Bh4 O-O 12. Nbd2 cxd4 13. cxd4 Rc8 14.
Rac1 e5 15. Nb3 Qb6 16. Rfd1 Rfd8 17. h3 a5 18. Bd3 a4 19. Nbd2 Rxc1 20. Rxc1 exd4 21.
Bxb5 Ne5 22. b3 axb3 23. Nxb3 Nxf3+ 24. gxf3 g5 25. Bg3 d5 26. e5 Nh5 27. a4 Nxg3 28. fxg3 d3+ 29. Qf2 d4 30. Nd2 Qe6 31. Kh2 Bb4 32. Bxd3 Qxe5 33. Ne4 Bd6 34. Nxd6 Qxd6 35.
Bb1 Qd5 36. Qc2 Qxf3 37. Qh7+ Kf8 38. Qh8+ Ke7 39. Re1+ Kd7 40. Qxd4+ Kc7 41. Re7+ Kb8 42. Qe5+ Ka7 43. Qa5+ Kb8 44. Qxd8+ Bc8 45. Qc7+ Ka8 46.
Qa7# 1-0

[Event "*** Titled Tuesday Blitz"]
[Site "Chess.com"]
[Date "2021.02.02"]
[Round "9"]
[White "Berardino"]
[Black "Saxar85"]
[Result "0-1"]
[WhiteElo "2567"]
[BlackElo "2783"]
[TimeControl "180+1"]
[EndTime "11:46:46 PST"]
[Termination "Saxar85 won on time"]

1. e4 g6 2. d4 Bg7 3. Nc3 d6 4.
f4 Nc6 5. Be3 Nf6 6. Nf3 O-O 7.
Qd2 a6 8. O-O-O b5 9. e5 Ng4 10. h3 Nxe3 11. Qxe3 Bb7 12. Ne4 Nb4 13. Kb1 Nd5 14.
Qd2 Bh6 15. g3 c5 16. Bg2 Nxf4 17. gxf4 Bxe4 18. Qe3 d5 19. dxc5 Qc7 20. Rhg1 Rac8 21. Nd4 Qxe5 22. Rdf1 Qf6 23. Bxe4 dxe4 24. Qxe4 Rxc5 25.
f5 Bg7 26. c3 Qe5 27. Qd3 b4 28. fxg6 hxg6 29. Nb3 Rc7 30. Re1 Qf6 31. Ref1 Qb6 32.
c4 a5 33. c5 Qc6 34. Rc1 a4 35. Nd2 a3 36. Nb3 axb2 37. Rcd1 Ra7 38. Rgf1 Qa4 39. Kc2 Qxa2 40. Rb1 Qa4 41. Qc4 Rc7 42. h4 e6 43. h5 Rfc8 44. Kd3 Rd7+ 45. Kc2 Rd5 46. hxg6 Rcxc5 47. gxf7+ Kf8 48. Qxc5+ Rxc5+ 0-1

[Event "*** Titled Tuesday Blitz"]
[Site "Chess.com"]
[Date "2021.02.02"]
[Round "9"]
[White "Tsyhanchuk_Stanislav"]
[Black "korbul"]
[Result "1-0"]
[WhiteElo "2475"]
[BlackElo "2608"]
[TimeControl "180+1"]
[EndTime "11:46:46 PST"]
[Termination "Tsyhanchuk_Stanislav won by resignation"]

1. e4 c5 2. Nf3 Nc6 3. d4 cxd4 4. Nxd4 e6 5. Nc3 a6 6. Nxc6 bxc6 7. Bd3 d5 8. O-O Nf6 9. Qf3 Be7 10. Re1 O-O 11.
Qg3 a5 12. e5 Ne8 13. f4 f5 14.
exf6 Nxf6 15. Bd2 a4 16. Kh1 a3 17. b3 Bd6 18. Qg5 Qc7 19. Re2 Bd7 20. Rf1 Rae8 21. Na4 e5 22. fxe5 Rxe5 23. Rxe5 Bxe5 24. Nc5 Bc8 25.
Bb4 Rf7 26. Bxa3 Bxh2 27. Bb2 Bd6 28. Rxf6 Bxc5 29. Rxf7 Qxf7 30. Qd8+ Qf8 31. Qc7 Bd6 32. Qxc6 Be6 33. Be5 Qf2 34. Qxd6 Qh4+ 35. Kg1 Qe1+ 36. Kh2 Qh4+ 37. Kg1 Qe1+ 38. Bf1 Qe3+ 39. Kh1 Qh6+ 40.
Bh2 Qf6 41. Qb8+ Kf7 42. Qf4 Qxf4 43. Bxf4 g5 44. Bd2 g4 45. a4 g3 46. Bd3 h5 47.
Bf4 h4 48. a5 d4 49. a6 Bd5 50.
Bc4 h3 51. Bxd5+ Kf6 52. gxh3 Kf5 53. Bxg3 d3 54. cxd3 1-0

[Event "*** Titled Tuesday Blitz"]
[Site "Chess.com"]
[Date "2021.02.02"]
[Round "9"]
[White "ailime26"]
[Black "Tpros"]
[Result "1/2-1/2"]
[WhiteElo "2098"]
[BlackElo "2472"]
[TimeControl "180+1"]
[EndTime "11:46:46 PST"]
[Termination "Game drawn by repetition"]

1. e4 Nf6 2. e5 Nd5 3. c4 Nb6 4. d4 d6 5. exd6 cxd6 6. Nc3 g6 7. Nf3 Bg7 8. Be3 O-O 9. Bd3 Nc6 10. O-O e5 11. dxe5 dxe5 12. Qe2 Nd4 13. Bxd4 exd4 14. Ne4 Re8 15. Rfe1 Bf5 16. Qc2 Rc8 17. b3 Qc7 18. Re2 Re7 19. Rae1 Rce8 20. a4 Kf8 21. Neg5 Bxd3 22. Nxh7+ Kg8 23. Qxd3 Rxe2 24. Rxe2 Rxe2 25. Qxe2 Kxh7 26. Ng5+ Kg8 27. Qe8+ Bf8 28. a5 Qe7 29. Qxe7 Bxe7 30. axb6 axb6 31. Nf3 d3 32. Kf1 Bc5 33.
Ke1 Bb4+ 34. Kd1 Bc5 35. Kd2 Bxf2 36. Kxd3 Kf8 37. Ne5 Ke7 38. Ke4 Ke6 39. Nd3 Bg1 40. h3 Kd6 41. b4 Ke6 42. Nf4+ Kd6 43. Nd5 Bf2 44. g4 Ke6 45. Kf3 Bd4 46. Ke4 Bf2 47. Nc7+ Kd7 48. Nb5 Ke6 49. Nc3 Be1 50. Nd5 Bf2 1/2-1/2

[Event "*** Titled Tuesday Blitz"]
[Site "Chess.com"]
[Date "2021.02.02"]
[Round "9"]
[White "TimofeevAr"]
[Black "Man-Chuk"]
[Result "1/2-1/2"]
[WhiteElo "2876"]
[BlackElo "2926"]
[TimeControl "180+1"]
[EndTime "11:46:48 PST"]
[Termination "Game drawn by stalemate"]

1. c4 e5 2. e3 Nf6 3. Nc3 g6 4. Nf3 d6 5. d3 Bg7 6. Be2 O-O 7. O-O Re8 8. Bd2 c6 9. Ne4 d5 10. Nxf6+ Bxf6 11. cxd5 cxd5 12. Qb3 Nc6 13. Rac1 Re7 14.
Rfd1 Be6 15. Qa4 Rc8 16. e4 Rec7 17. h3 Kg7 18. a3 Qd7 19. exd5 Bxd5 20. Qg4 Be6 21. Qg3 Nd4 22. Nxd4 Qxd4 23. Rxc7 Rxc7 24. Bc3 Qf4 25. Qxf4 exf4 26. Rc1 Bxc3 27. Rxc3 Rd7 28. Bg4 f5 29. Bd1 g5 30. Bb3 Kf6 31. Bxe6 Kxe6 32. f3 Kd5 33. Kf2 Re7 34. a4 b6 35. Rc8 Kd4 36.
Rd8+ Kc5 37. d4+ Kb4 38. d5 Kxa4 39. d6 Re6 40. Ra8 Rxd6 41. Rxa7+ Kb3 42. Rxh7 Kxb2 43. Rg7 b5 44. Rxg5 b4 45. Rxf5 b3 46. Rxf4 Kc3 47.
Rf8 b2 48. Rb8 Rd4 49. Rxb2 Kxb2 50. Ke3 Kc3 51. g4 Rd8 52. h4 Re8+ 53. Kf4 Kd4 54. h5 Rf8+ 55. Kg5 Ke5 56. f4+ Rxf4 57. h6 Rxg4+ 58. Kxg4 Kf6 59. Kh5 Kf7 60. Kg5 Kg8 61.
Kg6 Kh8 62. h7 1/2-1/2

[Event "*** Titled Tuesday Blitz"]
[Site "Chess.com"]
[Date "2021.02.02"]
[Round "9"]
[White "Sam_ChessMood"]
[Black "olksuna"]
[Result "1-0"]
[WhiteElo "2836"]
[BlackElo "2686"]
[TimeControl "180+1"]
[EndTime "11:46:48 PST"]
[Termination "Sam_ChessMood won by resignation"]

1. c4 c5 2. Nf3 Nf6 3. d4 cxd4 4. Nxd4 b6 5. f3 Bb7 6. e4 e6 7. Nc3 d6 8. Be2 Be7 9. Be3 a6 10. O-O O-O 11. Qd2 Qc7 12. a4 Nc6 13. Nxc6 Bxc6 14. Bd4 Rfd8 15. Kh1 Nd7 16. b4 Bb7 17. Rfc1 Rab8 18.
Nd5 exd5 19. cxd5 Nc5 20. bxc5 bxc5 21. Bc3 Qd7 22. a5 Bf8 23. Rab1 Ra8 24. Rb6 Bc8 25. Qf4 f6 26. g4 Qa4 27. h4 Qa3 28. g5 fxg5 29.
hxg5 Ra7 30. Qd2 Qa4 31. Rc6 Qb3 32. Ra1 Qb7 33. Rg1 Qf7 34. Rg3 Qh5+ 35. Kg2 Be7 36. f4 Qh4 37. Rxc8 Rxc8 38. Rh3 Qxh3+ 39. Kxh3 Rb8 40. e5 Rb3 41. Bc4 Rb1 42. exd6 Bxd6 43. Be5 Rd7 44. Qe2 Kf7 45. Qg4 Rbb7 46. Qe6+ 1-0

[Event "*** Titled Tuesday Blitz"]
[Site "Chess.com"]
[Date "2021.02.02"]
[Round "9"]
[White "2nd_life"]
[Black "Forantes"]
[Result "1-0"]
[WhiteElo "2462"]
[BlackElo "2294"]
[TimeControl "180+1"]
[EndTime "11:46:48 PST"]
[Termination "2nd_life won by checkmate"]

1. e4 c5 2. Nf3 Nc6 3. Bb5 a6 4. Bxc6 dxc6 5. h3 e5 6. a3 a5 7. a4 Bd6 8. Na3 Be6 9. b3 Ne7 10. d3 f6 11. Nc4 Ng6 12. Bd2 Bc7 13. Be3 b6 14. Ng1 O-O 15. Ne2 Qe7 16. O-O b5 17.
Nd2 Rad8 18. Qe1 Nf4 19. f3 Bf7 20. Qf2 Ne6 21. f4 exf4 22. Nxf4 Nd4 23. Nf3 Nxf3+ 24. Qxf3 Be5 25. Rae1 c4 26. bxc4 bxc4 27. Qg4 Bxf4 28. Bxf4 cxd3 29. cxd3 Rxd3 30. e5 f5 31. Qxf5 Ra3 32.
e6 Bg6 33. Qxf8+ Qxf8 34. e7 Qe8 35. Bd6 Bf7 36. Bxa3 g6 37. Rxf7 Kxf7 38. Rf1+ Ke6 39. Rf8 Kd7 40. Rxe8 Kxe8 41. Bc5 g5 42. Kf2 h5 43.
Kf3 Kf7 44. g4 hxg4+ 45. Kxg4 Ke8 46. Kxg5 Kf7 47. h4 Ke8 48. Kf5 Kf7 49. h5 Ke8 50. h6 Kf7 51. h7 Ke8 52. h8=Q+ Kf7 53. e8=Q# 1-0

[Event "*** Titled Tuesday Blitz"]
[Site "Chess.com"]
[Date "2021.02.02"]
[Round "9"]
[White "superchess02"]
[Black "davidkalashian"]
[Result "0-1"]
[WhiteElo "2772"]
[BlackElo "2590"]
[TimeControl "180+1"]
[EndTime "11:46:50 PST"]
[Termination "davidkalashian won by resignation"]

1. d4 Nf6 2. c4 e6 3. Nf3 b6 4. g3 Ba6 5. Bg2 Bxc4 6. Nc3 Ba6 7. O-O Be7 8. Re1 O-O 9. e4 d5 10. exd5 exd5 11. Nh4 g6 12. Bg5 c6 13. Qf3 Nbd7 14. Bh3 Ne4 15. Bxe7 Qxe7 16. Nxe4 dxe4 17. Rxe4 Qd6 18.
Qf4 Qxf4 19. Rxf4 f5 20. Rc1 Bb7 21. Nf3 c5 22. dxc5 Nxc5 23. Bf1 Be4 24. Bc4+ Kg7 25. Ng5 Rac8 26. f3 h6 27. Nxe4 fxe4 28. Rxf8 Kxf8 29. fxe4 Nxe4 30. Rf1+ Ke7 31. b3 Nd6 32. Bd3 g5 33.
Kf2 Rf8+ 34. Ke2 Rxf1 35. Kxf1 Ke6 36. Ke2 Ke5 37. Ke3 Nb7 38. h4 Nc5 39. Bc2 gxh4 40. gxh4 Ne6 41. Bb1 Nf4 42. Kf3 Nd5 43. Bc2 a5 44. a4 Nf6 45. Ke3 Nd7 46. Kd3 Kd5 47. Bd1 Nc5+ 48. Kc3 Ne4+ 49. Kc2 Kd4 50. Kb2 Nf2 51. Bf3 Nd3+ 52. Kc2 Ne1+ 53. Kd2 Nxf3+ 0-1

[Event "*** Titled Tuesday Blitz"]
[Site "Chess.com"]
[Date "2021.02.02"]
[Round "9"]
[White "Katheksis"]
[Black "azikom"]
[Result "0-1"]
[WhiteElo "2522"]
[BlackElo "2665"]
[TimeControl "180+1"]
[EndTime "11:46:50 PST"]
[Termination "azikom won by resignation"]

1. e4 e5 2. Nf3 Nc6 3. Bb5 a6 4. Ba4 Nge7 5. Nc3 d6 6. Bb3 h6 7. d4 Bg4 8. h3 exd4 9. hxg4 dxc3 10. g5 Ng6 11. Qd3 cxb2 12. Bxb2 hxg5 13. Rxh8 Nxh8 14. O-O-O g4 15. Nd4 Qg5+ 16. Kb1 Nxd4 17. Qxd4 Ng6 18.
Qc4 Qe7 19. e5 O-O-O 20. Qxf7 Nxe5 21. Qe6+ Kb8 22. Bxe5 dxe5 23. Qxg4 Rxd1+ 24. Qxd1 c6 25. Qe2 Qd6 26. Qf3 Ka7 27. Qe3+ Qd4 28. Qe2 Bc5 29. f3 Ba3 30. c3 Qxc3 31. Qc2 Qxc2+ 32. Kxc2 b5 33. Kd3 Kb6 34. Bf7 Bb2 35. Ke4 c5 36. Be8 c4 37. Bf7 Kc5 38. Be6 a5 39. Bf7 a4 40.
Bg8 a3 41. Ke3 b4 42. Kd2 Kd4 43. Kc2 Bc3 44. Bf7 Be1 45. Bg8 Bg3 46. Bf7 Bf4 47.
Bg8 g5 48. Bf7 g4 49. fxg4 e4 50. g3 Bg5 0-1

[Event "*** Titled Tuesday Blitz"]
[Site "Chess.com"]
[Date "2021.02.02"]
[Round "9"]
[White "mshuaau0"]
[Black "ChelsieMonica"]
[Result "1-0"]
[WhiteElo "2284"]
[BlackElo "2370"]
[TimeControl "180+1"]
[EndTime "11:46:50 PST"]
[Termination "mshuaau0 won by checkmate"]

1. e4 e5 2. Nf3 Nc6 3. d4 exd4 4. Nxd4 Bc5 5. Nxc6 Qf6 6. Qf3 dxc6 7. Bd3 Qxf3 8. gxf3 Nf6 9. Nd2 a5 10. a4 Be6 11. Nc4 Bxc4 12. Bxc4 h6 13. Be3 Bxe3 14. fxe3 Nd7 15. Kf2 Rd8 16. Rhg1 g5 17. f4 f6 18. h4 Nc5 19. Kf3 Rd2 20. Rac1 Rh2 21. hxg5 hxg5 22. fxg5 R2h3+ 23. Rg3 Rxg3+ 24. Kxg3 Nxe4+ 25. Kf4 Nxg5 26. Kf5 Ke7 27. e4 Rh2 28. e5 Rf2+ 29. Kg6 Ne4 30.
Re1 f5 31. Bd3 Ng3 32. Bc4 Rxc2 33. b3 f4 34. Kg5 Rf2 35. Kg4 c5 36. e6 b6 37. Rd1 Ne4 38. Rd7+ Ke8 39. Rxc7 Nd6 40. Bb5+ Nxb5 41. axb5 Re2 42. Rc6 Re3 43. Rxb6 Rxb3 44.
Kxf4 a4 45. Ke5 a3 46. Kd6 Rd3+ 47. Kxc5 Rc3+ 48. Kd6 Rd3+ 49. Kc5 Rc3+ 50. Kb4 Re3 51. Ra6 Ke7 52. Rxa3 Rxe6 53. Rd3 Rd6 54. Rxd6 Kxd6 55.
Ka5 Kc7 56. Ka6 Kb8 57. Kb6 Ka8 58. Ka6 Kb8 59. Kb6 Ka8 60. Kc7 Ka7 61. b6+ Ka8 62. b7+ Ka7 63. b8=Q+ Ka6 64. Qb6# 1-0

[Event "*** Titled Tuesday Blitz"]
[Site "Chess.com"]
[Date "2021.02.02"]
[Round "9"]
[White "johnathan113"]
[Black "Paralinch"]
[Result "0-1"]
[WhiteElo "2611"]
[BlackElo "2908"]
[TimeControl "180+1"]
[EndTime "11:46:53 PST"]
[Termination "Paralinch won on time"]

1. e4 c5 2. Nf3 d6 3. d4 cxd4 4.
Nxd4 Nf6 5. Nc3 a6 6. Be2 e5 7. Nb3 Be7 8. O-O O-O 9. Qd3 Be6 10. Bd2 Qc8 11. Qg3 Kh8 12. f4 b5 13. fxe5 dxe5 14.
Qxe5 Nc6 15. Qf4 Rd8 16. Be3 Bd6 17. Qh4 Be5 18. Bg5 Nd4 19. Bd3 b4 20. Nd5 Nxb3 21.
axb3 Qc5+ 22. Kh1 Rg8 23. Nxf6 gxf6 24. Bxf6+ Bxf6 25. Qxf6+ Rg7 26. Rf2 a5 27. Rf3 Kg8 28.
Rd1 Bg4 29. Rg3 Rg6 30. Rxg4 Rxg4 31. Bc4 Rg7 32. Rf1 Rf8 33. e5 Qd4 34. Qf5 Qd2 35. Qf3 Kh8 36. e6 f5 37. Rf2 Qe1+ 38. Rf1 Qd2 39. Qf2 Qg5 40. h3 f4 41. Re1 f3 42.
gxf3 Qf5 43. Kh2 Qf4+ 44. Kh1 Rg3 45. Bf1 Rxf3 46. Qxf3 Qxf3+ 47. Bg2 Qf2 48. Rd1 Qe2 49. Rd6 Qe1+ 0-1

[Event "*** Titled Tuesday Blitz"]
[Site "Chess.com"]
[Date "2021.02.02"]
[Round "9"]
[White "esapunov"]
[Black "WPWPWP-2015"]
[Result "1-0"]
[WhiteElo "2628"]
[BlackElo "2492"]
[TimeControl "180+1"]
[EndTime "11:46:53 PST"]
[Termination "esapunov won on time"]

1. c4 Nf6 2. Nf3 e6 3. Nc3 d5 4.
d4 c6 5. Bg5 h6 6. Bxf6 Qxf6 7.
e3 Nd7 8. Rc1 g6 9. Bd3 Bg7 10.
O-O O-O 11. e4 dxe4 12. Nxe4 Qe7 13. Re1 Nf6 14. c5 Nxe4 15. Bxe4 Bd7 16. Qc2 Rfd8 17. h4 h5 18. g3 Be8 19. Rcd1 Rd7 20. Ne5 Rc7 21. a3 a5 22. b4 axb4 23. axb4 Rd8 24. Kg2 Rcc8 25. Qc3 Ra8 26. Ra1 Qc7 27. Bf3 Rxa1 28. Qxa1 Qb8 29. Qc3 Qc7 30. Rd1 Ra8 31. Nc4 Bd7 32. Qe3 Ra4 33. Rb1 Ra2 34. Nd6 b5 35.
Qf4 f6 36. Qe3 Ra8 37. Qb3 Qd8 38. Rd1 Qe7 39. Kg1 Kh7 40. Bg2 e5 41. Re1 Be6 42. Qd3 Qd7 43. dxe5 fxe5 44. Be4 Kh8 45. Bxg6 Bd5 46.
Qe2 Qg4 47. Be4 Qxe2 48. Rxe2 Ra4 49. Rb2 Be6 50. Bxc6 Ra1+ 51. Kg2 Rc1 52. Be4 Kg8 53. Nxb5 1-0

[Event "*** Titled Tuesday Blitz"]
[Site "Chess.com"]
[Date "2021.02.02"]
[Round "9"]
[White "LamaChampetre"]
[Black "Chamal_Gedgafov"]
[Result "1-0"]
[WhiteElo "2235"]
[BlackElo "2340"]
[TimeControl "180+1"]
[EndTime "11:46:53 PST"]
[Termination "LamaChampetre won on time"]

1. d4 d5 2. c4 c6 3. Nf3 e6 4. Qc2 Nf6 5. g3 a6 6. Bg2 b5 7. c5 Nbd7 8. O-O Be7 9. Bf4 O-O 10. Nbd2 a5 11. e4 dxe4 12. Nxe4 Nxe4 13. Qxe4 Bb7 14.
Ne5 Nf6 15. Qe3 Nd5 16. Bxd5 exd5 17. Rfe1 Re8 18. Qf3 Bf6 19. Rad1 Re6 20. Bg5 Qe8 21. Bxf6 Rxf6 22. Qh5 Re6 23. Re3 Qe7 24. Rde1 Re8 25. Ng4 Bc8 26. Ne5 Qc7 27. Kg2 f6 28. Ng4 Rxe3 29.
Nxe3 Qf7 30. Qf3 g6 31. Rd1 Kg7 32. Ng4 Bxg4 33. Qxg4 Qe6 34. Qf4 Qe4+ 35. Qxe4 Rxe4 36. Rd2 g5 37. f3 Re6 38. Kf2 Kg6 39. Rd3 f5 40. Re3 Kf6 41. Ke2 Ke7 42. Kd3 Kf6 43. h3 h5 44. g4 Ke7 45. gxf5 1-0